General information
- name: BNet
- type: Ladder team game (AT/RT)
- host: Battle.net
- saver: icantwinzzz
map: PhantomGrove
- players: 4
- length: 22:54
- speed: Fast
- version: 1.24 W3XP
- replay type: Public
» download(127 KB)
Players
team 1 (winner)

»
icantwinzzz (
purple | 115 APM | 2643 actions | 22:54)
5 Archmage
3 Summon Water Elemental
2 Brilliance Aura
3 Mountain King
2 Storm Bolt
1 Bash
3 Paladin
2 Holy Light
1 Divine Shield
» actions
| Assign group hotkey | 41 | |
| Basic commands | 12 | |
| Build / train | 85 | |
| Enter build submenu | 43 | |
| Enter hero's abilities submenu | 11 | |
| Give item / drop item | 4 | |
| Right click | 947 | |
| Select / deselect | 725 | |
| Select group hotkey | 628 | |
| Use ability | 147 | |
2643 total
» units
| Peasant | 21 | |
| Footman | 8 | |
| Knight | 7 | |
| Gryphon Rider | 3 | |
39 total
» upgrades
| Defend | 1 | |
| Masonry | 2 | |
| Swords | 2 | |
| Armor | 1 | |
| Animal War Training | 1 | |
| Storm Hammers | 1 | |
8 total
» buildings
| Altar of Kings | 2 | |
| Barracks | 2 | |
| Farm | 15 | |
| Scout Tower | 12 | |
| Arcane Tower | 1 | |
| Lumber Mill | 1 | |
| Town Hall | 2 | |
| Keep | 2 | |
| Guard Tower | 10 | |
| Blacksmith | 1 | |
| Castle | 1 | |
| Gryphon Aviary | 2 | |
| Arcane Vault | 1 | |
52 total
» build order
00:06 Altar of Kings
00:19 Barracks
00:34 Farm
00:49 Farm
01:37 Scout Tower
01:54 Farm
02:14 Arcane Tower
03:04 Farm
03:48 Lumber Mill
04:34 Town Hall
04:37 Keep
05:31 Scout Tower
05:33 Scout Tower
06:14 Farm
06:17 Scout Tower
06:18 Scout Tower
06:33 Guard Tower
06:33 Guard Tower
06:46 Blacksmith
06:47 Guard Tower
07:01 Castle
08:11 Gryphon Aviary
08:18 Farm
08:20 Farm
08:21 Scout Tower
08:48 Arcane Vault
09:20 Gryphon Aviary
10:15 Farm
10:18 Farm
11:17 Barracks
13:25 Farm
13:43 Farm
14:47 Farm
15:57 Guard Tower
15:59 Scout Tower
15:59 Scout Tower
16:00 Scout Tower
16:45 Guard Tower
16:45 Guard Tower
16:50 Scout Tower
16:50 Scout Tower
16:50 Scout Tower
16:52 Keep
16:53 Guard Tower
17:20 Guard Tower
17:20 Guard Tower
17:21 Guard Tower
17:23 Farm
17:23 Farm
17:25 Farm
21:13 Town Hall
22:17 Altar of Kings
» items
| Potion of Healing | 1 | |
| Scroll of Regeneration | 3 | |
| Scroll of Town Portal | 2 | |
| Staff of Sanctuary | 1 | |
| Lesser Clarity Potion | 2 | |
9 total
capp (
pink | 64 APM | 1468 actions | 22:49)
5 Mountain King
3 Storm Bolt
2 Bash
3 Paladin
2 Holy Light
1 Divine Shield
» actions
| Assign group hotkey | 135 | |
| Basic commands | 2 | |
| Build / train | 71 | |
| Enter build submenu | 28 | |
| Enter hero's abilities submenu | 8 | |
| Remove unit from queue | 1 | |
| Right click | 609 | |
| Select / deselect | 304 | |
| Select group hotkey | 216 | |
| Use ability | 94 | |
1468 total
» units
» upgrades
| Masonry | 1 | |
| Swords | 1 | |
| Plating | 1 | |
| Defend | 1 | |
4 total
» buildings
| Altar of Kings | 1 | |
| Lumber Mill | 1 | |
| Farm | 9 | |
| Barracks | 2 | |
| Scout Tower | 12 | |
| Arcane Tower | 4 | |
| Town Hall | 2 | |
| Guard Tower | 4 | |
| Keep | 2 | |
| Arcane Vault | 2 | |
| Blacksmith | 2 | |
| Castle | 1 | |
42 total
» build order
00:09 Altar of Kings
00:22 Lumber Mill
00:36 Farm
00:55 Barracks
01:24 Farm
01:57 Farm
02:09 Scout Tower
02:23 Farm
02:56 Arcane Tower
03:48 Scout Tower
03:49 Scout Tower
03:58 Scout Tower
04:21 Arcane Tower
04:37 Town Hall
04:54 Guard Tower
04:54 Guard Tower
05:24 Keep
06:22 Arcane Vault
06:42 Scout Tower
06:42 Scout Tower
06:42 Scout Tower
07:37 Guard Tower
07:40 Town Hall
09:15 Scout Tower
09:16 Scout Tower
09:19 Scout Tower
09:31 Arcane Vault
09:42 Farm
09:42 Farm
09:49 Arcane Tower
11:14 Guard Tower
11:17 Blacksmith
12:21 Castle
13:05 Blacksmith
13:45 Farm
13:46 Farm
13:48 Farm
14:16 Barracks
17:46 Keep
18:07 Scout Tower
18:09 Scout Tower
19:20 Arcane Tower
» items
| Scroll of Regeneration | 3 | |
| Lesser Clarity Potion | 3 | |
| Potion of Mana | 2 | |
| Scroll of Town Portal | 1 | |
9 total
team 2 (loser)
iiXii (
green | 57 APM | 1290 actions | 22:48)
5 Death Knight
3 Death Coil
1 Unholy Aura
1 Death Pact
4 Dark Ranger
2 Black Arrow
2 Silence
» actions
| Assign group hotkey | 5 | |
| Build / train | 61 | |
| Enter build submenu | 14 | |
| Enter hero's abilities submenu | 10 | |
| Give item / drop item | 5 | |
| Remove unit from queue | 3 | |
| Right click | 641 | |
| Select / deselect | 444 | |
| Select group hotkey | 26 | |
| Use ability | 81 | |
1290 total
» units
| Acolyte | 6 | |
| Ghoul | 2 | |
| Crypt Fiend | 15 | |
| Obsidian Statue | 3 | |
| Meatwagon | 3 | |
29 total
» upgrades
| Exhume Corpses | 1 | |
| Burrow | 1 | |
| Web | 1 | |
3 total
» buildings
| Graveyard | 1 | |
| Crypt | 1 | |
| Altar of Darkness | 1 | |
| Ziggurat | 6 | |
| Tomb of Relics | 1 | |
| Halls of the Dead | 1 | |
| Slaughterhouse | 1 | |
| Black Citadel | 2 | |
| Spirit Tower | 3 | |
| Necropolis | 1 | |
18 total
» build order
00:08 Graveyard
00:10 Crypt
00:41 Altar of Darkness
00:57 Ziggurat
01:23 Tomb of Relics
02:01 Ziggurat
04:05 Halls of the Dead
04:44 Ziggurat
06:40 Slaughterhouse
06:42 Ziggurat
07:15 Ziggurat
12:33 Black Citadel
12:33 Black Citadel
13:32 Ziggurat
13:53 Spirit Tower
13:53 Spirit Tower
13:53 Spirit Tower
21:27 Necropolis
» items
| Rod of Necromancy | 1 | |
| Scroll of Town Portal | 3 | |
| Potion of Healing | 2 | |
| Potion of Lesser Invulnerability | 1 | |
| Scroll of Healing | 1 | |
| Scroll of Protection | 1 | |
9 total

»
mENDIGUREN (
teal | 91 APM | 2066 actions | 22:43)
5 Archmage
3 Summon Water Elemental
2 Brilliance Aura
5 Mountain King
3 Storm Bolt
2 Bash
» actions
| Assign group hotkey | 56 | |
| Basic commands | 287 | |
| Build / train | 65 | |
| Enter build submenu | 23 | |
| Enter hero's abilities submenu | 10 | |
| Give item / drop item | 5 | |
| Right click | 585 | |
| Select / deselect | 364 | |
| Select group hotkey | 580 | |
| Use ability | 91 | |
2066 total
» units
| Peasant | 11 | |
| Footman | 8 | |
| Spell Breaker | 11 | |
| Knight | 3 | |
33 total
» upgrades
| Defend | 1 | |
| Swords | 3 | |
| Plating | 2 | |
| Lumber Harvesting | 2 | |
| Animal War Training | 1 | |
| Priest Training | 2 | |
11 total
» buildings
| Altar of Kings | 1 | |
| Farm | 13 | |
| Barracks | 1 | |
| Scout Tower | 1 | |
| Arcane Vault | 1 | |
| Keep | 2 | |
| Lumber Mill | 1 | |
| Blacksmith | 1 | |
| Arcane Sanctum | 2 | |
| Town Hall | 1 | |
| Castle | 4 | |
28 total
» build order
00:08 Altar of Kings
00:20 Farm
00:50 Barracks
01:00 Farm
01:29 Scout Tower
01:36 Farm
02:25 Farm
02:32 Arcane Vault
03:22 Keep
03:43 Lumber Mill
04:43 Farm
04:45 Blacksmith
05:37 Farm
05:54 Arcane Sanctum
07:39 Farm
08:28 Town Hall
08:40 Farm
09:30 Farm
10:29 Farm
10:32 Castle
10:32 Castle
12:17 Farm
13:34 Arcane Sanctum
13:59 Farm
14:40 Farm
16:35 Keep
» items
| Scroll of Regeneration | 1 | |
| Scroll of Healing | 1 | |
| Scroll of Town Portal | 1 | |
3 total
Chat log
(00:25 / Allies) capp: hero?
(00:28 / Allies) icantwinzzz: am
(00:31 / Allies) capp: units?
(00:43 / Allies) icantwinzzz: ill go exe then t3
(00:45 / Allies) icantwinzzz: gryph knight
(00:57 / Allies) icantwinzzz: am foot first
(01:00 / Allies) icantwinzzz: mk
(01:04 / Allies) icantwinzzz: u?
(01:18 / Allies) capp: mk first & will c
(02:39 / Allies) capp: fe
(02:44 / Allies) icantwinzzz: he?
(03:04 / Allies) capp: fast exp 2 me
(03:55 / Allies) capp: comin
(04:40 / Allies) capp: scout
(05:42 / Allies) capp: ok
(05:59 / Allies) icantwinzzz: dk
(06:59 / Allies) capp: sec
(09:06 / Allies) icantwinzzz: b
(10:12 / Allies) capp: focus dk
(10:21 / Allies) capp: here
(10:59 / Allies) icantwinzzz: b
(12:38 / Allies) capp: b ad g 2 me
(12:39 / Allies) capp: sry
(12:42 / Allies) icantwinzzz: i tp out
(12:44 / Allies) icantwinzzz: i got good units
(12:53 / All) mENDIGUREN: bnoobs
(14:27 / Allies) icantwinzzz: shit
(17:42 / Allies) icantwinzzz: go tech
(18:37 / Allies) icantwinzzz: take
(18:58 / All) mENDIGUREN: noob alñy!!!
(19:22 / Allies) icantwinzzz: :)
(19:28 / Allies) icantwinzzz: go tp?
(19:31 / Allies) capp: y
(21:17 / Allies) icantwinzzz: atytack
(22:34 / All) icantwinzzz: gg
(22:37 / All) mENDIGUREN: noob aly
(22:39 / All) mENDIGUREN: realy noob
(22:41 / All) iiXii: gg nice play